 Dungeon Crawl Stone Soup version 0.20.1-1-g8b1a95d (webtiles) character file.

507 leoctania the Charlatan (level 6, -1/51 HPs)
             Began as a Draconian Artificer on July 14, 2017.
             Was an Initiate of the Shining One.
             Slain by Sigmund
             ... wielding a +0 scythe
              (5 damage)
             ... on level 6 of the Dungeon.
             The game lasted 00:44:29 (4970 turns).

leoctania the Charlatan (Draconian Artificer)       Turns: 4970, Time: 00:44:30

Health: -1/51      AC:  8    Str: 16    XL:     6   Next: 97%
Magic:  5/8        EV: 13    Int: 17    God:    the Shining One [......]
Gold:   219        SH:  0    Dex: 14    Spells: 0/5 levels left

rFire    . . .     SeeInvis .   h - +4 mace "Pauh" {flame, MR+ Int+6 Dex+2}
rCold    + . .     Gourm    .   (no shield)
rNeg     . . .     Faith    .   (armour unavailable)
rPois    .         Spirit   .   (helmet restricted)
rElec    .         Reflect  .   (no cloak)
rCorr    .         Harm     .   (no gloves)
MR       +....                  w - +1 pair of boots
Stlth    +.........             (no amulet)
Regen    0.2/turn               s - ring of protection from cold
MPRegen  0.2/turn               (no ring)

@: very slightly contaminated, glowing
A: unfitting armour, cold-blooded, AC +6
a: Renounce Religion


You were on level 6 of the Dungeon.
You worshipped the Shining One.
The Shining One was noncommittal.
You were not hungry.

You visited 2 branches of the dungeon, and saw 7 of its levels.

You collected 219 gold pieces.

Inventory:

Hand Weapons
 a - a +0 short sword
 g - a +0 whip
 h - the +4 mace "Pauh" (weapon) {flame, MR+ Int+6 Dex+2}
   (You found it on level 4 of the Dungeon)

   It has been specially enchanted to burn those struck by it, causing extra
   injury to most foes and up to half again as much damage against particularly
   susceptible opponents.
   It affects your intelligence (+6).
   It affects your dexterity (+2).
   It affects your resistance to hostile enchantments.
 t - a +0 hunting sling
Missiles
 k - 45 arrows
 l - 8 tomahawks (quivered)
 u - 62 stones
 v - 11 bolts
 y - 26 sling bullets
Armour
 w - a +1 pair of boots (worn)
 D - a +0 pair of boots
Jewellery
 s - a ring of protection from cold (left hand)
Wands
 b - a wand of flame (13/48)
 c - a wand of enslavement (13/24)
 d - a wand of random effects (40/48)
Scrolls
 j - a scroll of magic mapping
 o - a scroll of teleportation
Potions
 m - a potion of flight {unknown}
 q - a potion of curing {unknown}
 r - a potion of ambrosia {unknown}
 x - a potion of agility {unknown}
 z - a potion of degeneration {unknown}
 B - a potion of cancellation {unknown}
 C - a potion of heal wounds
Books
 p - a book of Minor Magic

   Spells                             Type                      Level
   a - Magic Dart                     Conjuration                  1
   b - Blink                          Translocation                2
   c - Call Imp                       Summoning                    2
   d - Slow                           Hexes                        2
   e - Conjure Flame                  Conjuration/Fire             3
   f - Mephitic Cloud                 Conjuration/Poison/Air       3
Comestibles
 i - 2 royal jellies
 n - 2 meat rations
 A - a bread ration


   Skills:
 + Level 3.4 Fighting
 + Level 2.0 Short Blades
 + Level 3.7 Maces & Flails
 + Level 0.3(0.4) Slings
 + Level 0.1(0.3) Throwing
 + Level 3.3 Dodging
 + Level 2.8 Stealth
 + Level 3.7 Evocations


You couldn't memorise any spells.
You knew the following spells:

 Your Spells              Type           Power        Failure   Level  Hunger
a - Magic Dart            Conj           #...         24%         1    ##.....
b - Blink                 Tloc           N/A          34%         2    ###....
c - Call Imp              Summ           #.......     34%         2    ###....


Dungeon Overview and Level Annotations

Branches:
Dungeon (6/15)             Temple (1/1) D:5

Altars:
Ashenzari
Cheibriados
Dithmenos
Elyvilon
Fedhas
Gozag
Hepliaklqana
Kikubaaqudgha
Makhleb
Nemelex Xobeh
Okawaru
Qazlal
Ru
Sif Muna
Trog
Uskayaw
Vehumet
Xom
Yredelemnul
Zin
The Shining One

Annotations:
D:6 Prince Ribbit, Sigmund


Innate Abilities, Weirdness & Mutations

Your plain brown scales are hard. (AC +6)
You cannot fit into any form of body armour.
You are cold-blooded and may be slowed by cold attacks.


Message History

Press: ? - help, Shift-Dir - straight line, f/p - Prince Ribbit
Aim: Prince Ribbit (moderately wounded)
The magic dart hits something.
Casting: Magic Dart
Confirm with . or Enter, or press ? or * to list all spells.
Aiming: Magic Dart
Press: ? - help, Shift-Dir - straight line, f/p - Prince Ribbit
Aim: Prince Ribbit (moderately wounded)
The magic dart hits something.
Something hits you.
Prince Ribbit blinks!
You closely miss Prince Ribbit.
Prince Ribbit is moderately wounded.
Prince Ribbit blinks!
Something hits you but does no damage.
Prince Ribbit blinks!
You hit something but do no damage. Something hits you but does no damage.
You barely miss something.
Your tail-slap misses something.
Prince Ribbit sighs, "It's not easy being green!"
Prince Ribbit hits you!
* * * LOW HITPOINT WARNING * * *
Prince Ribbit blinks!
Something hits you.
You die...

## #.#
#.##
#§##
##.##
##.##
##.##
#.§##
##.@##
##.{##
###)##
##.###
#...#
##..##
#...#
#..##
..
#..#
..


There were no monsters in sight!

Vanquished Creatures
  A scorpion (D:5)
  2 hounds (D:4)
  An iguana (D:4)
  A bullfrog skeleton (D:5)
  A centaur skeleton (D:4)
  Terence (D:2)
  3 worker ants
  2 worker ant zombies
  2 gnolls (D:6)
  9 adders
  2 oozes (D:1)
  2 worms (D:3)
  2 dart slugs
  2 leopard geckos
  6 orcs
  A bat (D:2)
  5 giant cockroaches
  10 goblins
  4 hobgoblins
  6 jackals
  6 frilled lizards
  4 kobolds
  7 rats
80 creatures vanquished.

Vanquished Creatures (collateral kills)
  A goblin (D:1)
1 creature vanquished.

Grand Total: 81 creatures vanquished

Notes
Turn   | Place    | Note
-------+----------+-------------------------------------------
     0 | D:1      | leoctania the Draconian Artificer began the quest for the Orb.
     0 | D:1      | Reached XP level 1. HP: 16/16 MP: 3/3
   289 | D:1      | Reached XP level 2. HP: 22/23 MP: 4/4
   434 | D:1      | Reached skill level 1 in Stealth
   787 | D:2      | Reached XP level 3. HP: 10/28 MP: 5/5
  1099 | D:2      | Noticed Terence
  1132 | D:2      | Killed Terence
  1512 | D:2      | Reached XP level 4. HP: 36/36 MP: 6/6
  2376 | D:3      | Reached skill level 1 in Maces & Flails
  2604 | D:3      | Reached XP level 5. HP: 38/41 MP: 7/7
  3014 | D:4      | Got a scorched mace
  3295 | D:4      | Found a burning altar of Makhleb.
  3304 | D:4      | Reached XP level 6. HP: 28/50 MP: 8/8
  3742 | D:5      | Entered Level 5 of the Dungeon
  3792 | D:5      | Found a shattered altar of Ashenzari.
  4028 | D:5      | Learned a level 1 spell: Magic Dart
  4031 | D:5      | Learned a level 2 spell: Blink
  4034 | D:5      | Learned a level 2 spell: Call Imp
  4507 | D:5      | Found a staircase to the Ecumenical Temple.
  4516 | Temple   | Entered the Ecumenical Temple
  4527 | Temple   | Became a worshipper of the Shining One
  4894 | D:6      | Identified the +4 mace "Pauh" {flame, MR+ Int+6 Dex+2} (You found it on level 4 of the Dungeon)
  4907 | D:6      | Noticed Prince Ribbit
  4917 | D:6      | Noticed Sigmund
  4970 | D:6      | Slain by Sigmund

Skill      XL: |  1  2  3  4  5  6 |
---------------+-------------------+-----
Dodging        | 2 3 |  3.3
Stealth        | 1 2 |  2.8
Short Blades   | 2 |  2.0
Fighting       | 2 3 |  3.4
Maces & Flails | 1 2 3 |  3.7
Slings         | |  0.3
Throwing       | |  0.1
Evocations     | |  3.7

Action                   |  1- 3 |  4- 6 || total
-------------------------+-------+-------++-------
Melee: Short sword       |   105 |       ||   105
       Tailslap          |    11 |    22 ||    33
       Mace              |     1 |   204 ||   205
 Fire: Hunting sling     |       |     4 ||     4
Throw: Tomahawk          |     6 |       ||     6
 Cast: Magic Dart        |       |     3 ||     3
Evoke: Wand              |     6 |       ||     6
  Use: Scroll            |     8 |    11 ||    19
       Potion            |     2 |     2 ||     4
 Stab: Sleeping          |     1 |     6 ||     7
  Eat: Bread ration      |     1 |     2 ||     3
Armor: Skin              |    23 |    66 ||    89
Dodge: Dodged            |    60 |   150 ||   210
